AoeStats
← L0rdDmbrngr

Arabia

508094949Analyzed
2v2 RM · 13d ago on Sep 20, 2026· 56m 2s· 4 players
Game mode
Random Map
Map size
Medium (4 player)
Population
200
Speed
Normal
Resources
Standard
Victory
Conquest
Starting age
Dark Age
Ending age
Imperial Age
RankedLock teamsTeams togetherTeam positionsShared explorationLock speedFull tech treeHidden civsTurbo modeCheats
Victory
Defeat
🇭🇷 Bulgarians · Croatia
982
+15
🇮🇪 Magyars · Ireland
890
+19
🇧🇷 Franks · Brazil
1033
-20
🇧🇷 Spanish · Brazil
886
-14
L0rdDmbrngr
0:36 Loom
11:23 Feudal Age
14:00 Bloodlines
18:19 Horse Collar
18:27 Double-Bit Axe
23:52 Castle Age
25:25 Scale Barding Armor
25:11 Fletching
25:22 Stone Mining
25:26 Gold Mining
26:22 Town Watch
30:13 Wheelbarrow
31:14 Husbandry
32:28 Corvinian Army
32:38 Bodkin Arrow
35:50 Bow Saw
37:11 Chain Barding Armor
42:00 Imperial Age
40:26 Padded Archer Armor
40:55 Heavy Plow
41:17 Thumb Ring
42:20 Hand Cart
43:26 Plate Barding Armor
44:05 Conscription
44:45 Parthian Tactics
44:35 Town Patrol
44:46 Bracer
46:50 Leather Archer Armor
47:00 Ballistics
46:53 Masonry
49:26 Chemistry
48:32 Siege Engineers
49:15 Murder Holes
52:09 Ring Archer Armor
54:08 Recurve Bow
53:54 Elite Magyar Huszar
aHuRa_zg82
2:58 Loom
12:16 Feudal Age
22:23 Castle Age
20:42 Double-Bit Axe
25:58 Pikeman
27:45 Squires
28:50 Scale Mail Armor
31:13 Bloodlines
33:53 Stone Mining
33:53 Gold Mining
49:44 Scale Barding Armor
51:48 Husbandry
52:15 Chain Barding Armor
52:46 Forging
54:18 Iron Casting
54:46 Stirrups
58:55 Imperial Age
57:07 Wheelbarrow
56:18 Town Watch
iorek
7:43 Loom
10:11 Feudal Age
10:37 Double-Bit Axe
24:09 Castle Age
22:18 Scale Barding Armor
22:23 Forging
22:38 Scale Mail Armor
22:47 Scale Barding Armor
22:41 Gold Mining
24:22 Man-at-Arms
24:47 Gambesons
25:03 Squires
24:50 Arson
25:09 Husbandry
25:37 Long Swordsman
25:41 Pikeman
31:44 Iron Casting
34:51 Chain Barding Armor
34:46 Chain Mail Armor
42:43 Imperial Age
42:47 Wheelbarrow
41:59 Town Watch
43:30 Cavalier
43:39 Two-Handed Swordsman
45:15 Champion
48:36 Plate Barding Armor
49:01 Blast Furnace
49:30 Fletching
49:41 Padded Archer Armor
49:51 Halberdier
51:46 Plate Mail Armor
51:25 Elite Skirmisher
52:04 Bodkin Arrow
52:25 Leather Archer Armor
Nanerson
12:01 Feudal Age
10:16 Loom
12:23 Horse Collar
12:31 Double-Bit Axe
19:36 Gold Mining
22:06 Forging
22:35 Fletching
26:43 Scale Barding Armor
26:40 Padded Archer Armor
32:19 Castle Age
34:17 Thumb Ring
38:32 Heavy Plow
46:51 Bow Saw
Connection lost

Rejoining the realm…

Still unreachable

The connection could not be restored.

Session expired

The server has moved on; the page needs a fresh start.